[Event "Titled Tuesday Blitz April 11 Early 2023"]
[White "Mirzoev, Azer"]
[Black "Albuquerque Junior,Wellington S."]
[WhiteFideId "13400304"]
[BlackFideId "2151480"]
[WhiteElo "2525"]
[BlackElo "2109"]
[Result "1-0"]
[Round "06"]
[TimeControl "180+2"]
[Date "2023.04.11"]
[WhiteClock "0:01:12"]
[BlackClock "0:00:02"]

1. c4 Nf6 2. Nc3 c5 3. g3 g6 4. Bg2 Bg7 5. a3 O-O 6. b4 d6 7. bxc5 dxc5 8. Bb2 Nc6 9. Nh3 Be6 10. d3 Bxh3 11. Bxh3 e6 12. O-O b6 13. Rb1 Nd4 14. Bg2 Rc8 15. a4 h5 16. Nb5 Qd7 17. Nxd4 cxd4 18. Ba3 Rfd8 19. a5 bxa5 20. Qd2 Qa4 21. Ra1 Qb3 22. Qxa5 h4 23. Rfb1 Qc2 24. Rb2 Qc3 25. Qxc3 dxc3 26. Rc2 hxg3 27. hxg3 Ng4 28. Bb4 Rb8 29. Bxc3 Bxc3 30. Rxc3 Rb2 31. Rca3 Rdb8 32. Rxa7 Rb1+ 33. Rxb1 Rxb1+ 34. Bf1 Rc1 35. Ra2 Ne5 36. Kg2 Kf8 37. Rb2 Ke7 38. e3 Rc3 39. Rd2 f5 40. Be2 g5 41. f4 gxf4 42. gxf4 Nf7 43. Kf2 Nd6 44. Ra2 Kf6 45. Ke1 Rc1+ 46. Kd2 Rg1 47. c5 Nb5 48. Rb2 Nc7 49. d4 1-0


[Site "https://www.chess.com"]

[Event "Titled Tuesday Blitz April 11 Early 2023"]
[White "Zemach, Roee"]
[Black "Havas, Ladislav"]
[WhiteFideId "2818531"]
[BlackFideId "14501090"]
[WhiteElo "2217"]
[BlackElo "2202"]
[Result "1-0"]
[Round "06"]
[TimeControl "180+2"]
[Date "2023.04.11"]
[WhiteClock "0:00:17"]
[BlackClock "0:00:11"]

1. d4 Nf6 2. c4 e5 3. dxe5 Ne4 4. Nd2 Nc5 5. e3 Nc6 6. Ngf3 d6 7. exd6 Bxd6 8. Nb3 Qe7 9. Be2 O-O 10. O-O a5 11. Nbd4 Bd7 12. Nb5 Rfd8 13. Nxd6 cxd6 14. b3 Be6 15. Bb2 d5 16. cxd5 Bxd5 17. Nd4 Ne5 18. f3 g6 19. Qe1 Ncd3 20. Bxd3 Nxd3 21. Qd2 Nxb2 22. Qxb2 Qxe3+ 23. Kh1 Rac8 24. Rfe1 Qf4 25. Ne2 Qh4 26. Ng3 h5 27. Rad1 Be6 28. Ne4 Rxd1 29. Rxd1 Qf4 30. Qd4 Rc1 31. h3 Rxd1+ 32. Qxd1 Qe5 33. Qd2 Kg7 34. h4 b6 35. Kg1 Bd5 36. Ng5 f6 37. Nh3 Qa1+ 38. Kf2 Qe5 39. Nf4 Bf7 40. Ne2 Qc5+ 41. Qe3 g5 42. hxg5 fxg5 43. Nd4 Kf6 44. f4 g4 45. Kg3 Qd5 46. Kh4 Qxg2 47. Qe5+ Kg6 48. Qg5+ Kh7 49. Qf5+ Kg7 50. Kg5 Qb2 51. Qe5+ Kf8 52. Kf6 Qc2 53. Qe7+ Kg8 54. Qxf7+ Kh8 55. Qg7# 1-0


[Site "https://www.chess.com"]

[Event "Titled Tuesday Blitz April 11 Early 2023"]
[White "Perez Gormaz, Matias"]
[Black "micke12a"]
[WhiteFideId "3406342"]
[WhiteElo "2362"]
[BlackElo "2314"]
[Result "1-0"]
[Round "06"]
[TimeControl "180+2"]
[Date "2023.04.11"]
[WhiteClock "0:02:44"]
[BlackClock "0:02:45"]

1. e4 c5 2. Nf3 d6 3. Bc4 Nf6 4. e5 dxe5 5. Nxe5 e6 6. Qe2 Nbd7 7. Nxf7 Kxf7 8. Qxe6+ Kg6 9. Bd3+ Kh5 10. Qh3+ Kg5 11. f4+ Kxf4 12. Qg3# 1-0


[Site "https://www.chess.com"]

[Event "Titled Tuesday Blitz April 11 Early 2023"]
[White "Ratnakaran, K."]
[Black "Ovezdurdyyeva, Jemal"]
[WhiteFideId "5005507"]
[BlackFideId "14001888"]
[WhiteElo "2345"]
[BlackElo "2043"]
[Result "1-0"]
[Round "06"]
[TimeControl "180+2"]
[Date "2023.04.11"]
[WhiteClock "0:01:18"]
[BlackClock "0:00:22"]

1. e4 d6 2. d4 Nf6 3. Nc3 g6 4. Bg5 Bg7 5. Qd2 h6 6. Be3 c6 7. f3 b5 8. a4 b4 9. Nce2 a5 10. g4 Nbd7 11. Ng3 c5 12. d5 Ne5 13. h4 Qc7 14. g5 hxg5 15. hxg5 Nfd7 16. Rxh8+ Bxh8 17. Qh2 Bg7 18. Qh7 Bf8 19. Be2 Nb6 20. f4 Nec4 21. Bc1 Bd7 22. f5 Ne5 23. Bf4 O-O-O 24. b3 c4 25. Rc1 Qc5 26. Kf1 Kb8 27. f6 exf6 28. gxf6 g5 29. Bxg5 Rc8 30. Nf3 Nxf3 31. Bxf3 Qd4 32. Ne2 Qe5 33. Bf4 Qxf6 34. Qh5 Bg7 35. Kf2 Kb7 36. Rg1 cxb3 37. cxb3 Qb2 38. Qxf7 Bd4+ 39. Kg3 Bc5 40. Rc1 Qxb3 41. e5 dxe5 42. d6+ Ka7 43. Qxb3 exf4+ 44. Nxf4 Bxd6 45. Rxc8 Bxc8 1-0


[Site "https://www.chess.com"]

[Event "Titled Tuesday Blitz April 11 Early 2023"]
[White "Krsnik Cohar, Ivan Vihor"]
[Black "Rian, Kapriaga"]
[WhiteFideId "14520044"]
[BlackFideId "7103263"]
[WhiteElo "2414"]
[BlackElo "2309"]
[Result "1-0"]
[Round "06"]
[TimeControl "180+2"]
[Date "2023.04.11"]
[WhiteClock "0:01:12"]
[BlackClock "0:00:01"]

1. d4 Nf6 2. Bg5 d5 3. Nd2 e6 4. e3 Be7 5. Bd3 h6 6. Bxf6 Bxf6 7. c3 O-O 8. Qe2 c5 9. f4 Nc6 10. Ngf3 Qb6 11. Rb1 Bd7 12. O-O Rfc8 13. Kh1 a6 14. g4 g6 15. g5 hxg5 16. fxg5 Bg7 17. h4 e5 18. dxe5 Nxe5 19. Nxe5 Bxe5 20. h5 Qe6 21. Qf3 Qh3+ 22. Qxh3 Bxh3 23. Rf3 Bg4 24. hxg6 Bxf3+ 25. Nxf3 Bg7 26. Nh4 fxg6 27. Nxg6 Re8 28. Re1 Rad8 29. Kg2 Rd6 30. Nf4 Be5 31. Nxd5 b5 32. c4 bxc4 33. Bxc4 Kg7 34. b3 Rg6 35. Kf3 Rxg5 36. Bxa6 Rg3+ 37. Ke2 Bd4 38. Bb5 Re5 39. Kf2 Rgxe3 40. Nxe3 Bxe3+ 41. Rxe3 1-0


[Site "https://www.chess.com"]

[Event "Titled Tuesday Blitz April 11 Early 2023"]
[White "Womacka, Mathias"]
[Black "Eggleston, Thomas A"]
[WhiteFideId "4611390"]
[BlackFideId "412139"]
[WhiteElo "2377"]
[BlackElo "2155"]
[Result "1-0"]
[Round "06"]
[TimeControl "180+2"]
[Date "2023.04.11"]
[WhiteClock "0:00:10"]
[BlackClock "0:00:09"]

1. e4 e6 2. d4 d5 3. Nd2 c5 4. exd5 Qxd5 5. Ngf3 cxd4 6. Bc4 Qd6 7. O-O Nf6 8. Nb3 Nc6 9. Nbxd4 Nxd4 10. Nxd4 Be7 11. c3 O-O 12. Qf3 Qc7 13. Bb3 Bd7 14. Re1 a5 15. Bg5 a4 16. Bc2 a3 17. b3 Nd5 18. Bxe7 Nxe7 19. Be4 Ra7 20. Rad1 e5 21. Nc2 f5 22. Bd5+ Kh8 23. Qe3 Ra5 24. Qxe5 Qxe5 25. Rxe5 Ng6 26. Ree1 Bc8 27. g3 f4 28. Be6 Ne5 29. Nd4 Bxe6 30. Nxe6 Nf3+ 31. Kh1 Re8 32. Re4 g5 33. Kg2 g4 34. gxf4 Nh4+ 35. Kg3 Nf5+ 36. Kxg4 Rg8+ 37. Kf3 Nh4+ 38. Ke2 Nf5 39. Ng5 h6 40. Nf3 Kh7 41. Re5 Kg6 42. Rxa5 1-0


[Site "https://www.chess.com"]

[Event "Titled Tuesday Blitz April 11 Early 2023"]
[White "Palencia Morales, Wilson Guillermo"]
[Black "Dishman, Stephen"]
[WhiteFideId "4401859"]
[BlackFideId "403024"]
[WhiteElo "2139"]
[BlackElo "2204"]
[Result "0-1"]
[Round "06"]
[TimeControl "180+2"]
[Date "2023.04.11"]
[WhiteClock "0:01:05"]
[BlackClock "0:00:14"]

1. e4 c5 2. c3 d5 3. exd5 Qxd5 4. d4 Nf6 5. Nf3 Bg4 6. Be2 e6 7. dxc5 Qxc5 8. Be3 Qc7 9. Na3 Bxa3 10. Qa4+ Nbd7 11. Qxa3 Nd5 12. O-O Nxe3 13. fxe3 Qc5 14. Qxc5 Nxc5 15. Rad1 O-O 16. Rd4 Bh5 17. Rfd1 h6 18. Kf1 Rfc8 19. Ne5 Bxe2+ 20. Kxe2 f6 21. Nd7 e5 22. Rb4 Nxd7 23. Rxd7 b6 24. h4 Rd8 25. Rc7 Rdc8 26. Rbc4 Rxc7 27. Rxc7 h5 28. Kf3 Kh7 29. b4 a5 30. b5 Rd8 31. Rc6 Rd2 32. Rxb6 Rxa2 33. Ra6 Rc2 34. Rxa5 Rxc3 35. Ra8 Rb3 36. Rb8 Rb4 37. g3 Kg6 38. b6 Kf5 39. b7 e4+ 40. Ke2 Rb2+ 41. Kd1 Kg4 42. Kc1 Rb6 43. Kc2 Kxg3 44. Kc3 Kxh4 45. Kd4 Rb4+ 46. Kd5 g5 47. Kc6 g4 48. Rf8 g3 49. Rxf6 g2 50. Rg6 Kh3 51. Rg5 h4 52. Kd5 Rb5+ 53. Kd4 Rxb7 54. Kxe4 Rb1 55. Kf3 g1=Q 56. Rxg1 Rxg1 0-1


[Site "https://www.chess.com"]

[Event "Titled Tuesday Blitz April 11 Early 2023"]
[White "Mordechai, Hanan"]
[Black "crosky"]
[WhiteFideId "2804166"]
[WhiteElo "2324"]
[BlackElo "2302"]
[Result "1-0"]
[Round "06"]
[TimeControl "180+2"]
[Date "2023.04.11"]
[WhiteClock "0:00:19"]
[BlackClock "0:00:02"]

1. Nf3 Nf6 2. g3 b5 3. Bg2 Bb7 4. O-O c5 5. Na3 a6 6. c4 Qb6 7. Qb3 Nc6 8. cxb5 Na5 9. Qa4 e6 10. d3 Be7 11. Be3 Nd5 12. b4 axb5 13. bxa5 Nxe3 14. Qxb5 Qxb5 15. Nxb5 Rxa5 16. Nc7+ Kd8 17. Nxe6+ fxe6 18. fxe3 Kc7 19. Nd2 d5 20. Rf7 Kd6 21. e4 Bf6 22. Rb1 Bc6 23. Rb6 Rxa2 24. exd5 Bd4+ 25. Kh1 exd5 26. Nb3 Rb2 27. h4 Ra8 28. Bh3 Rb1+ 29. Kh2 Bf6 30. Rd7+ 1-0


[Site "https://www.chess.com"]

[Event "Titled Tuesday Blitz April 11 Early 2023"]
[White "Kohler, Aran"]
[Black "Rodchenkov, Sergey D."]
[WhiteFideId "1002856"]
[BlackFideId "4168712"]
[WhiteElo "2292"]
[BlackElo "2277"]
[Result "0-1"]
[Round "06"]
[TimeControl "180+2"]
[Date "2023.04.11"]
[WhiteClock "0:00:02"]
[BlackClock "0:00:10"]

1. e4 c5 2. Nc3 d6 3. f4 g6 4. Nf3 Bg7 5. Bc4 e6 6. d3 a6 7. a4 Nc6 8. O-O Nge7 9. Qe1 O-O 10. f5 exf5 11. Qh4 Nd4 12. Bg5 Nxf3+ 13. Rxf3 Re8 14. Nd5 Bxb2 15. Bxe7 Rxe7 16. Nxe7+ Kg7 17. Nxf5+ Bxf5 18. Qxd8 Rxd8 19. Rb1 Bd4+ 20. Kh1 Bc8 21. Rxf7+ Kh6 22. h4 Be5 23. g4 g5 24. hxg5+ Kxg5 25. Rxh7 Kxg4 26. Rg1+ Kf3 27. Rf1+ Ke3 28. Re1+ Kd2 29. Rg1 Kc3 30. Rg2 Bd7 31. a5 Bc6 32. Rh6 Kb4 33. Rgg6 Kxa5 34. Rh5 Kb4 35. Rg1 b5 36. Rb1+ Kc3 37. Bb3 a5 38. Re1 a4 39. Ba2 b4 40. Bc4 Rf8 41. Rg5 Rf2 42. Rg2 Rf3 43. Kg1 Bd4+ 44. Kh2 Be5+ 45. Kh1 Rh3+ 46. Kg1 Bd4+ 47. Kf1 Bd7 48. e5 dxe5 0-1


[Site "https://www.chess.com"]

[Event "Titled Tuesday Blitz April 11 Early 2023"]
[White "Omariev, Maksim"]
[Black "Kula, Robert"]
[WhiteFideId "4193423"]
[BlackFideId "1101218"]
[WhiteElo "2441"]
[BlackElo "2180"]
[Result "1-0"]
[Round "06"]
[TimeControl "180+2"]
[Date "2023.04.11"]
[WhiteClock "0:00:11"]
[BlackClock "0:00:38"]

1. e4 e5 2. Nf3 Nc6 3. Bb5 Nd4 4. Nxd4 exd4 5. O-O Bc5 6. d3 c6 7. Ba4 Ne7 8. f4 f5 9. Nd2 O-O 10. Kh1 d5 11. e5 Be6 12. Qh5 a5 13. a3 b5 14. Bb3 a4 15. Ba2 Rb8 16. Nf3 h6 17. c3 dxc3 18. bxc3 Qe8 19. Qh4 Ng6 20. Qg3 Kh7 21. Nd4 Bxd4 22. cxd4 b4 23. axb4 Rxb4 24. Ba3 Rxd4 25. Bc5 Rxf4 26. Rxf4 Nxf4 27. Qxf4 Rg8 28. Qxa4 f4 29. Qd1 Qg6 30. d4 Qg5 31. Bb1+ Kh8 32. Bd3 Bg4 33. Be2 Bf5 34. Bf3 Be4 35. Qe2 Qg6 36. Re1 Bd3 37. Qa2 Rb8 38. Qa7 Re8 39. Qd7 Be4 40. Bxe4 dxe4 41. Rxe4 f3 42. gxf3 Ra8 43. Qg4 Ra1+ 44. Kg2 Ra2+ 45. Kg3 Qf7 46. e6 Qc7+ 47. Qf4 Qa5 48. e7 Qa8 49. e8=Q+ Qxe8 50. Rxe8+ Kh7 51. Qf5+ g6 52. Qf7# 1-0


[Site "https://www.chess.com"]

[Event "Titled Tuesday Blitz April 11 Early 2023"]
[White "Fajdetic, Hrvoje"]
[Black "Sargissyan, Sargis"]
[WhiteFideId "14501945"]
[BlackFideId "13303210"]
[WhiteElo "2185"]
[BlackElo "2109"]
[Result "0-1"]
[Round "06"]
[TimeControl "180+2"]
[Date "2023.04.11"]
[WhiteClock "0:00:06"]
[BlackClock "0:00:13"]

1. d4 Nf6 2. Bf4 d5 3. e3 c5 4. Nc3 a6 5. dxc5 e6 6. Na4 Nbd7 7. b4 Ne4 8. f3 g5 9. fxe4 gxf4 10. exf4 dxe4 11. Qd4 Qf6 12. Qxf6 Nxf6 13. Nb6 Rb8 14. O-O-O Be7 15. Ne2 Bd8 16. Nc4 Ke7 17. Nc3 Bc7 18. g3 Bd7 19. Bg2 Bc6 20. Ne5 Bxe5 21. fxe5 Ng4 22. Rhe1 e3 23. Be4 Nxe5 24. Rxe3 Ng4 25. Re2 Rbd8 26. Rxd8 Rxd8 27. Bxc6 bxc6 28. h3 Nf6 29. Ne4 Rd4 30. Nxf6 Kxf6 31. a3 e5 32. Kb2 e4 33. Re3 Ke5 34. c3 Rd2+ 35. Kb3 f5 36. h4 Rd3 37. Rxd3 exd3 38. c4 Ke4 39. b5 Ke3 40. bxc6 d2 41. c7 d1=Q+ 42. Kb4 Qd7 43. Ka5 Qxc7+ 44. Kxa6 Qxc5 45. a4 Qxc4+ 46. Ka5 Kf3 47. h5 Kxg3 0-1


[Site "https://www.chess.com"]

[Event "Titled Tuesday Blitz April 11 Early 2023"]
[White "Alahakoon, Isuru"]
[Black "Szyszylo, Rafal"]
[WhiteFideId "9900993"]
[BlackFideId "1109626"]
[WhiteElo "1995"]
[BlackElo "1951"]
[Result "1-0"]
[Round "06"]
[TimeControl "180+2"]
[Date "2023.04.11"]
[WhiteClock "0:02:04"]
[BlackClock "0:00:55"]

1. Nf3 g6 2. d4 d6 3. e4 Nf6 4. Nc3 Bg7 5. Bf4 c6 6. Qd2 h5 7. O-O-O b5 8. Bd3 b4 9. Ne2 a5 10. Rhe1 O-O 11. Bh6 Bxh6 12. Qxh6 Ng4 13. Qf4 Nxf2 14. Rd2 Nxd3+ 15. Rxd3 Ba6 16. Re3 Nd7 17. Qh6 Re8 18. Ng5 Nf8 19. Nf4 e5 20. Nxh5 gxh5 21. Rg3 h4 22. Ne6+ hxg3 23. Qg7# 1-0


[Site "https://www.chess.com"]

[Event "Titled Tuesday Blitz April 11 Early 2023"]
[White "Yang,ching Wei, Austin"]
[Black "Toktomushev, Teimur"]
[WhiteFideId "16300440"]
[BlackFideId "14176726"]
[WhiteElo "2101"]
[BlackElo "2116"]
[Result "0-1"]
[Round "06"]
[TimeControl "180+2"]
[Date "2023.04.11"]
[WhiteClock "0:00:02"]
[BlackClock "0:00:04"]

1. e4 c5 2. Nf3 e6 3. g3 Nc6 4. Bg2 d5 5. exd5 exd5 6. d4 Nf6 7. O-O Be7 8. dxc5 O-O 9. Nbd2 Bxc5 10. Nb3 Bb6 11. Bg5 h6 12. Bf4 Bg4 13. c3 Re8 14. h3 Bh5 15. g4 Bg6 16. Nfd4 Ne4 17. Re1 Qf6 18. Be3 Bc7 19. Nf3 Rad8 20. Nbd4 Bb8 21. Qa4 h5 22. g5 Qd6 23. Nxc6 bxc6 24. Bxa7 Nxg5 25. Bxb8 Nxf3+ 26. Bxf3 Qxb8 27. Rxe8+ Rxe8 28. Qxc6 Re6 29. Qxd5 Qxb2 30. Rd1 Rf6 31. Re1 Qxc3 32. Re8+ Kh7 33. Kg2 Qc2 34. Qd8 Kh6 35. Rh8+ Kg5 36. Qd5+ Qf5 37. Qxf5+ Rxf5 38. Ra8 Rc5 39. a4 Rc2 40. a5 Rc3 41. a6 Ra3 0-1


[Site "https://www.chess.com"]

[Event "Titled Tuesday Blitz April 11 Early 2023"]
[White "Akylbek2021"]
[Black "Golubev, Mikhail"]
[BlackFideId "14100983"]
[WhiteElo "2284"]
[BlackElo "2374"]
[Result "1-0"]
[Round "06"]
[TimeControl "180+2"]
[Date "2023.04.11"]
[WhiteClock "0:00:19"]
[BlackClock "0:00:02"]

1. e4 g6 2. d4 Bg7 3. Nc3 d6 4. f4 a6 5. Nf3 b5 6. Bd3 Bb7 7. O-O Nd7 8. Re1 b4 9. Ne2 Ngf6 10. Ng3 h5 11. e5 Nd5 12. f5 h4 13. f6 Bxf6 14. Ne4 dxe5 15. dxe5 Bxe5 16. Neg5 Bf6 17. Qe2 Nc5 18. Bd2 Nxd3 19. cxd3 Qd7 20. Rac1 Rh5 21. Ne5 Bxe5 22. Qxe5 f6 23. Qe4 Qf5 24. Qxf5 gxf5 25. Ne6 Kf7 26. Nxc7 Rg8 27. Ne6 Rhh8 28. Kf1 Rc8 29. Rcd1 1-0


[Site "https://www.chess.com"]

[Event "Titled Tuesday Blitz April 11 Early 2023"]
[White "Rottenwohrer Suarez, Juan"]
[Black "sebastianmarinp"]
[WhiteFideId "32068182"]
[WhiteElo "2174"]
[BlackElo "2283"]
[Result "1-0"]
[Round "06"]
[TimeControl "180+2"]
[Date "2023.04.11"]
[WhiteClock "0:00:06"]
[BlackClock "0:00:01"]

1. d4 Nf6 2. c4 e6 3. Nc3 Bb4 4. Nf3 b6 5. e3 Bb7 6. Bd3 Ne4 7. Qc2 f5 8. O-O Bxc3 9. bxc3 O-O 10. Nd2 Nxd2 11. Bxd2 d6 12. a4 Nd7 13. a5 Nf6 14. d5 g6 15. dxe6 Qe7 16. c5 dxc5 17. c4 Qxe6 18. Bc3 Rad8 19. Rfd1 Qc6 20. Bf1 Kf7 21. Bb2 Rxd1 22. Rxd1 Re8 23. Qc3 Re6 24. Rd8 Rd6 25. Rh8 Kg7 26. Rb8 Kf7 27. f3 Ba6 28. Qe5 Qd7 29. Qf4 Qe6 30. Qh6 Qe7 31. Rh8 Ke6 32. e4 Kd7 33. e5 Rd1 34. exf6 Bxc4 35. Qd2+ Qd6 36. Qxd6+ cxd6 37. Rxh7+ Kc6 38. h4 Rxf1+ 39. Kh2 Rf2 40. Bc3 b5 41. f7 Bxf7 42. Rxf7 b4 43. Bg7 b3 44. Rxa7 b2 45. Bxb2 Rxb2 46. Rg7 Ra2 47. Rxg6 c4 48. Rg8 Kd5 49. Rc8 Kd4 50. h5 c3 51. h6 Rxa5 52. h7 f4 53. h8=Q+ Re5 54. Re8 c2 55. Rxe5 dxe5 56. Qc8 Kd3 57. Qc7 Kd2 58. Qd6+ Kc3 59. Qxe5+ Kd3 60. Qxf4 Ke2 61. Qc1 Kd3 62. g4 1-0


[Site "https://www.chess.com"]

[Event "Titled Tuesday Blitz April 11 Early 2023"]
[White "Clawitter, Craig"]
[Black "Kabilov, Amin"]
[WhiteFideId "2023105"]
[BlackFideId "14700859"]
[WhiteElo "2267"]
[BlackElo "2110"]
[Result "0-1"]
[Round "06"]
[TimeControl "180+2"]
[Date "2023.04.11"]
[WhiteClock "0:00:10"]
[BlackClock "0:01:01"]

1. e4 c5 2. Nf3 d6 3. d4 cxd4 4. Nxd4 Nf6 5. Nc3 a6 6. Be3 e5 7. Nb3 Be6 8. f3 h5 9. Be2 Nbd7 10. Qd2 Rc8 11. O-O Be7 12. Nd5 Bxd5 13. exd5 Nb6 14. c4 Nxc4 15. Bxc4 Rxc4 16. Na5 Rc7 17. Bb6 Rc2 18. Qb4 Qd7 19. Rfd1 O-O 20. Nc4 Rc8 21. b3 Qb5 22. Qxb5 axb5 23. Na3 Rb2 24. Rac1 Rxc1 25. Rxc1 Nxd5 26. Bf2 b4 27. Rc2 bxa3 0-1


[Site "https://www.chess.com"]

[Event "Titled Tuesday Blitz April 11 Early 2023"]
[White "Zaichenko, Daria"]
[Black "Valle Maytin, Luis Enrique"]
[WhiteFideId "4197453"]
[BlackFideId "3503666"]
[WhiteElo "2039"]
[BlackElo "2225"]
[Result "0-1"]
[Round "06"]
[TimeControl "180+2"]
[Date "2023.04.11"]
[WhiteClock "0:00:04"]
[BlackClock "0:00:14"]

1. e4 c5 2. Nf3 Nc6 3. d4 cxd4 4. Nxd4 g6 5. Nc3 Bg7 6. Be3 Nf6 7. Be2 O-O 8. O-O d5 9. exd5 Nxd5 10. Nxd5 Qxd5 11. Bf3 Qc4 12. Nxc6 bxc6 13. c3 Be6 14. Qb3 Rfc8 15. Rfd1 Rab8 16. Qxc4 Bxc4 17. b3 Be6 18. Rac1 a5 19. Bc5 Bf6 20. c4 a4 21. b4 Kf8 22. Rd2 a3 23. Rd3 Bb2 24. Rcd1 Bxc4 25. Re3 Bxa2 26. Rxe7 Kg8 27. Ra7 Bb3 28. Rd2 Bd5 29. Bxd5 cxd5 30. Rxd5 Rxb4 31. g3 Rb5 32. Rdd7 Rbxc5 33. Rxf7 R5c7 34. Rfxc7 Rxc7 35. Rxc7 a2 36. Rc8+ Kg7 37. Rc7+ Kh6 38. Ra7 a1=Q+ 39. Rxa1 Bxa1 40. Kg2 Kg5 41. h4+ Kg4 42. f3+ Kf5 43. Kf2 Bd4+ 44. Ke2 h5 45. Kd3 Bf2 46. g4+ hxg4 47. fxg4+ Kxg4 48. Ke2 Bxh4 49. Kf1 Bg3 50. Kg2 g5 0-1


[Site "https://www.chess.com"]

[Event "Titled Tuesday Blitz April 11 Early 2023"]
[White "babbilator"]
[Black "Okike, David"]
[BlackFideId "8500134"]
[WhiteElo "2258"]
[BlackElo "2232"]
[Result "0-1"]
[Round "06"]
[TimeControl "180+2"]
[Date "2023.04.11"]
[WhiteClock "0:01:27"]
[BlackClock "0:02:12"]

1. e4 c5 2. Nc3 Nc6 3. Nf3 Nf6 4. Bb5 g6 5. e5 Ng4 6. Bxc6 dxc6 7. O-O Bg7 8. Re1 O-O 9. d3 Nh6 10. Ne4 b6 11. Bf4 Nf5 12. Qd2 Nd4 13. Nxd4 Qxd4 14. c3 Qd5 15. c4 Qd4 16. Ng3 Rd8 17. Rad1 Bg4 18. Re4 Qd7 19. Bh6 Bxd1 0-1


[Site "https://www.chess.com"]

[Event "Titled Tuesday Blitz April 11 Early 2023"]
[White "Inepton_Fermion"]
[Black "lluiss"]
[WhiteElo "2370"]
[BlackElo "2256"]
[Result "1-0"]
[Round "06"]
[TimeControl "180+2"]
[Date "2023.04.11"]
[WhiteClock "0:00:42"]
[BlackClock "0:01:28"]

1. e4 c5 2. Nf3 d6 3. d4 cxd4 4. Nxd4 Nf6 5. Nc3 g6 6. Be3 Bg7 7. f3 O-O 8. Qd2 Nc6 9. Bc4 Bd7 10. O-O-O Ne5 11. Bb3 Qa5 12. Kb1 Rfc8 13. h4 Rc5 14. h5 Nxh5 15. g4 Nf6 16. Bh6 Rxc3 17. bxc3 Rc8 18. Bxg7 Kxg7 19. Qh6+ Kg8 20. g5 Nh5 21. Rxh5 gxh5 22. Rh1 Rxc3 23. Qxh5 Qc5 24. Qxh7+ Kf8 25. Qh8# 1-0


[Site "https://www.chess.com"]

[Event "Titled Tuesday Blitz April 11 Early 2023"]
[White "Alice, Mateus Felizardo Viageiro"]
[Black "Warchol, Kamil"]
[WhiteFideId "14800047"]
[BlackFideId "21858241"]
[WhiteElo "2189"]
[BlackElo "2017"]
[Result "0-1"]
[Round "06"]
[TimeControl "180+2"]
[Date "2023.04.11"]
[WhiteClock "0:00:17"]
[BlackClock "0:01:14"]

1. e4 c5 2. Nf3 e6 3. d4 cxd4 4. Nxd4 Nc6 5. Nb5 d6 6. Bf4 e5 7. Be3 Nf6 8. N1c3 a6 9. Na3 b5 10. Nd5 Nxd5 11. exd5 Ne7 12. c4 Bb7 13. Be2 bxc4 14. Bxc4 g6 15. O-O Bg7 16. Bg5 h6 17. Bh4 O-O 18. Kh1 Qd7 19. Qb3 Rab8 20. Qd3 Rfe8 21. Bxa6 Bxa6 0-1


[Site "https://www.chess.com"]

[Event "Titled Tuesday Blitz April 11 Early 2023"]
[White "mjelcic"]
[Black "KorolDimitriy75"]
[WhiteElo "2242"]
[BlackElo "2357"]
[Result "1/2-1/2"]
[Round "06"]
[TimeControl "180+2"]
[Date "2023.04.11"]
[WhiteClock "0:01:30"]
[BlackClock "0:01:45"]

1. c4 c5 2. Nc3 g6 3. g3 Bg7 4. Bg2 Nc6 5. e4 e5 6. Nge2 Nge7 7. O-O O-O 8. d3 d6 9. f4 f5 10. Be3 Be6 11. Nd5 Qd7 12. Qd2 Rae8 13. Rae1 Nd4 14. b3 b6 15. Kh1 Kh8 16. Nxe7 Rxe7 17. Nxd4 exd4 18. Bg1 Rfe8 19. Re2 fxe4 20. Rxe4 Bf5 21. Rxe7 Qxe7 22. Bf3 Bh3 23. Bg2 Bxg2+ 24. Kxg2 Qe2+ 25. Qxe2 Rxe2+ 26. Rf2 Re1 27. Rf1 Re2+ 28. Rf2 Re1 29. Rf1 Re2+ 1/2-1/2


[Site "https://www.chess.com"]

[Event "Titled Tuesday Blitz April 11 Early 2023"]
[White "Balint, Vilmos"]
[Black "Sohier, Julien"]
[WhiteFideId "718050"]
[BlackFideId "645346"]
[WhiteElo "2034"]
[BlackElo "2209"]
[Result "0-1"]
[Round "06"]
[TimeControl "180+2"]
[Date "2023.04.11"]
[WhiteClock "0:01:07"]
[BlackClock "0:01:22"]

1. e3 e5 2. d4 exd4 3. exd4 d5 4. Nf3 Nf6 5. Bd3 Bd6 6. O-O O-O 7. Re1 h6 8. h3 c6 9. c3 Re8 10. Be3 Nbd7 11. Nbd2 Nf8 12. Rc1 Ne6 13. Bb1 Nf4 14. Bxf4 Bxf4 15. Qc2 g6 16. Rxe8+ Qxe8 17. Re1 Qd8 18. Ne5 Bf5 19. Qc1 Bxb1 20. Qxb1 Bxd2 21. Re2 Bg5 22. Nxg6 Ne4 23. Ne5 Qf6 24. f3 Ng3 25. Re1 Re8 26. Ng4 Rxe1+ 27. Qxe1 Qf4 28. Qe8+ Kg7 29. Qd7 h5 30. Ne5 h4 0-1


[Site "https://www.chess.com"]

[Event "Titled Tuesday Blitz April 11 Early 2023"]
[White "Mrudul Dehankar"]
[Black "Nugumanov, Bakhtiyar"]
[WhiteFideId "25096990"]
[BlackFideId "13701797"]
[WhiteElo "2139"]
[BlackElo "2209"]
[Result "1-0"]
[Round "06"]
[TimeControl "180+2"]
[Date "2023.04.11"]
[WhiteClock "0:00:32"]
[BlackClock "0:00:02"]

1. e4 e6 2. d4 d5 3. e5 c5 4. c3 Nc6 5. Nf3 Bd7 6. Be2 Nge7 7. O-O Nf5 8. dxc5 Bxc5 9. b4 Bb6 10. a4 Bc7 11. Bd3 Nfe7 12. Re1 Ng6 13. Bxg6 hxg6 14. Bg5 Qb8 15. Qe2 O-O 16. Nbd2 f6 17. exf6 gxf6 18. Bh4 e5 19. Qd3 Ne7 20. Bg3 Bf5 21. Qe3 Bd6 22. Nb3 Qc7 23. Rad1 Rae8 24. Nh4 Bc2 25. Rb1 Bxb3 26. Rxb3 Kg7 27. Rb2 g5 28. Nf3 Ng6 29. Qd2 e4 30. Nd4 Bxg3 31. hxg3 f5 32. Qxg5 Qe5 33. Rbe2 Rh8 34. Nxf5+ Kf7 35. Nh6+ Kg7 36. Qxe5+ Rxe5 37. Ng4 Reh5 38. f3 Rh1+ 39. Kf2 exf3 40. gxf3 1-0


[Site "https://www.chess.com"]

[Event "Titled Tuesday Blitz April 11 Early 2023"]
[White "FuenfgegenWilly"]
[Black "Hoffmann, Asa"]
[BlackFideId "2001470"]
[WhiteElo "2226"]
[BlackElo "2117"]
[Result "0-1"]
[Round "06"]
[TimeControl "180+2"]
[Date "2023.04.11"]
[WhiteClock "0:00:42"]
[BlackClock "0:01:00"]

1. Nf3 d6 2. e3 e5 3. d4 e4 4. Nfd2 f5 5. g4 Nf6 6. g5 Nfd7 7. h4 c6 8. c4 d5 9. Nc3 Nb6 10. a4 a5 11. c5 N6d7 12. Rg1 Be7 13. Bh3 g6 14. Ne2 Na6 15. Nf4 Nf8 16. Nf1 Nb4 17. Bd2 Ne6 18. Bxb4 Nxf4 19. exf4 axb4 20. Ne3 Qa5 21. b3 b6 22. cxb6 Qxb6 23. h5 Ba6 24. Bf1 O-O-O 25. a5 Qb7 26. Bxa6 Qxa6 27. Qe2 Kb7 28. Nc2 Bd6 29. Qd2 Qd3 30. a6+ Ka7 31. Ra4 Rb8 32. h6 Qxd2+ 33. Kxd2 Bxf4+ 34. Ne3 c5 35. Ke2 Bxe3 36. fxe3 c4 37. Rb1 c3 38. Kd1 Rhf8 39. Kc2 f4 40. Rf1 f3 41. Ra5 Rf5 42. Rg1 Rb6 43. Rc5 Rxa6 44. Rc7+ Kb6 45. Rxh7 Ra2+ 46. Kb1 f2 47. Rf1 Re2 48. Rg7 Re1+ 49. Kc2 Rxf1 50. Rxg6+ Kb5 51. h7 Rc1+ 0-1


[Site "https://www.chess.com"]

[Event "Titled Tuesday Blitz April 11 Early 2023"]
[White "Matveeva, Olga"]
[Black "Ciuffoletti, Paolo"]
[WhiteFideId "24107018"]
[BlackFideId "807630"]
[WhiteElo "2056"]
[BlackElo "2143"]
[Result "1-0"]
[Round "06"]
[TimeControl "180+2"]
[Date "2023.04.11"]
[WhiteClock "0:01:24"]
[BlackClock "0:00:24"]

1. d4 d5 2. c4 c6 3. Nf3 Nf6 4. e3 Bf5 5. Nc3 e6 6. Nh4 Be4 7. f3 Bg6 8. Bd2 Nbd7 9. Qb3 Qb6 10. c5 Qc7 11. g3 Be7 12. Bg2 b6 13. cxb6 axb6 14. Rc1 O-O 15. Nxg6 hxg6 16. O-O e5 17. Nxd5 Nxd5 18. Qxd5 exd4 19. Rxc6 Qb7 20. exd4 Nf6 21. Qc4 b5 22. Qc2 Rfc8 23. f4 Rxc6 24. Qxc6 Qxc6 25. Bxc6 Rxa2 26. Bc1 b4 27. d5 Bc5+ 28. Kg2 Bd4 29. Rd1 Bxb2 30. Rd2 Bxc1 31. Rxa2 b3 32. Ra8+ Kh7 33. Rb8 Ne4 34. Kf3 Nd2+ 35. Ke2 b2 36. d6 1-0


[Site "https://www.chess.com"]